Map: Ulrena

Players

GHOST

  • Race: Terran Terran
  • League: Silver

pupu - Winner!

  • Race: Protoss Protoss
  • League: Silver

VOD

Have the link to the VOD?

Description

Time

  • Played on: April 5, 2016, 2:42 p.m.
  • Length: 20:47
Show
View Real Time Build Order
Export as new Build Order

GHOST Terran 

Build Orders:  

Get SALT Encoding   

  12  0:00  SCV  
  13  0:13  SCV  
  14  0:25  SCV  
  15  0:30  Supply Depot  
  15  0:34  Refinery  
  15  0:52  SCV  
  15  0:54  Barracks  
  16  0:59  Refinery  
  16  1:04  SCV  
  17  1:16  SCV  
  18  1:28  SCV  
  19  1:41  Orbital Command  
  19  1:48  Barracks Tech Lab  
  19  1:49  Supply Depot  
  19  2:00  Factory  
  19  2:09  SCV  
  20  2:15  Bunker  
  20  2:21  Marauder, SCV  
  23  2:33  SCV  
  24  2:43  Marauder  
  26  2:46  SCV  
  26  2:50  Starport  
  27  3:00  Factory Tech Lab  
  27  3:04  SCV  
  28  3:06  Starport  
  28  3:16  SCV  
  29  3:29  Supply Depot, Siege Tank  
  31  3:43  Marine  
  31  3:48  Supply Depot  
  31  3:50  Viking  
  33  4:01  Marine  
  33  4:25  Starport Reactor  
  33  4:32  SCV  
  34  4:44  SCV  
  35  4:52  Starport Tech Lab  
  35  5:11  Cloaking Field  
  35  5:15  Starport Tech Lab, Banshee  
  35  5:20  Marine  
  39  5:32  Command Center  
  39  5:38  Marine  
  40  5:56  Marine  
  41  6:14  Marine  
  42  6:26  Banshee  
  42  6:32  Marine  
  46  6:36  Supply Depot  
  46  6:43  Banshee  
  49  6:58  Supply Depot  
  49  7:03  Starport  
  49  7:09  Banshee  
  49  7:11  Siege Tank  
  55  7:22  Supply Depot  
  55  7:26  Banshee  
  58  7:40  Orbital Command  
  58  7:56  Starport Tech Lab  
  58  8:01  Supply Depot  
  58  8:06  Supply Depot  
  58  8:10  SCV  
  59  8:17  Banshee x3  
  68  8:22  SCV  
  69  8:28  Supply Depot  
  69  8:32  Refinery  
  69  8:34  SCV  
  70  8:46  SCV  
  71  8:56  Refinery  
  71  8:58  SCV  
  71  8:59  Banshee  
  66  10:08  Banshee x2  
  72  10:18  Engineering Bay  
  72  10:19  SCV  
  73  10:31  SCV  
  74  10:43  SCV  
  75  10:55  SCV, Missile Turret  
  76  11:07  SCV  
  76  11:11  Missile Turret  
  77  11:14  Missile Turret  
  77  11:19  Banshee x2  
  80  11:31  Missile Turret  
  80  11:34  Missile Turret  
  80  11:37  Missile Turret  
  80  11:50  Missile Turret  
  80  11:57  Missile Turret  
  80  12:10  Missile Turret  
  80  12:17  Missile Turret  
  74  12:30  Missile Turret  
  74  12:33  SCV  
  75  12:45  SCV  
  75  12:46  Viking x3  
  75  12:50  Missile Turret  
  82  12:56  Fusion Core  
  82  12:57  SCV  
  80  13:09  SCV  
  78  13:16  Liberator  
  78  13:18  Liberator  
  78  13:21  SCV  
  79  13:33  SCV  
  86  13:45  SCV  
  87  13:57  SCV  
  85  14:18  Command Center  
  82  14:57  Battlecruiser  
  82  14:58  Battlecruiser x2  
  100  15:22  Siege Tank  
  103  15:52  Weapon Refit  
  103  15:54  Siege Tank  
  106  16:02  Battlecruiser x3  
  124  16:27  Armory  
  124  16:42  Missile Turret  
  122  17:01  Missile Turret  
  121  17:21  Missile Turret  
  114  17:39  Command Center  
  114  17:43  Command Center  
  81  18:36  Battlecruiser  
  87  18:53  Refinery x2  
  87  18:58  Orbital Command  
Show
View Real Time Build Order
Export as new Build Order

pupu Protoss - Winner!

Build Orders:  

Get SALT Encoding   

  12  0:01  Probe (Chrono Boost)  
  13  0:11  Probe (Chrono Boost)  
  14  0:18  Pylon  
  14  0:22  Probe (Chrono Boost)  
  15  0:36  Probe (Chrono Boost)  
  15  0:40  Gateway  
  16  0:47  Probe (Chrono Boost)  
  17  0:51  Assimilator  
  17  0:58  Probe (Chrono Boost), Assimilator  
  18  1:08  Gateway  
  18  1:11  Probe (Chrono Boost)  
  19  1:21  Probe (Chrono Boost)  
  20  1:29  Cybernetics Core  
  20  1:36  Pylon  
  20  1:38  Probe (Chrono Boost)  
  21  1:49  Probe (Chrono Boost)  
  22  1:54  Pylon  
  22  2:06  Mothership Core (Chrono Boost)  
  26  2:09  Stalker (Chrono Boost)  
  26  2:14  Stalker (Chrono Boost)  
  28  2:21  Warp Gate (Chrono Boost)  
  28  2:24  Probe (Chrono Boost)  
  29  2:40  Adept (Chrono Boost)  
  29  2:42  Adept (Chrono Boost)  
  33  2:55  Probe  
  34  3:04  Gateway  
  34  3:07  Probe  
  35  3:29  Adept  
  35  3:30  Adept  
  37  3:51  Probe  
  38  4:03  Probe  
  39  4:26  Gateway, Pylon  
  39  4:37  Nexus  
  39  4:40  Pylon  
  39  4:41  Pylon  
  39  4:44  Probe, Pylon  
  40  4:46  Pylon  
  40  4:49  Pylon  
  40  4:51  Pylon  
  40  4:53  Gateway  
  40  4:54  Gateway  
  40  4:56  Probe  
  41  5:03  Zealot  
  41  5:06  Sentry x2  
  47  5:08  Probe  
  48  5:25  Zealot  
  50  5:30  Probe  
  51  5:40  Stalker x2  
  51  5:42  Probe  
  56  5:51  Pylon  
  56  6:10  Stalker  
  56  6:11  Stalker x3  
  60  6:24  Forge  
  60  6:25  Probe  
  61  6:26  Probe, Forge  
  62  6:40  Gateway  
  62  6:47  Stargate  
  62  6:48  Probe  
  62  6:50  Probe  
  62  6:52  Assimilator  
  64  7:00  Probe, Protoss Ground Weapons Level 1 (Chrono Boost)  
  65  7:01  Protoss Ground Armor Level 1 (Chrono Boost)  
  65  7:09  Pylon  
  65  7:14  Photon Cannon  
  65  7:18  Pylon  
  65  7:29  Stalker x2  
  69  7:31  Zealot  
  69  7:33  Sentry  
  69  7:35  Sentry  
  75  7:40  Zealot  
  75  7:44  Zealot  
  79  7:48  Probe x2  
  81  7:58  Void Ray  
  85  8:08  Probe x2  
  87  8:30  Nexus  
  87  8:33  Probe  
  87  8:34  Pylon  
  88  8:45  Probe  
  88  8:46  Assimilator  
  93  9:03  Pylon  
  92  9:15  Photon Cannon  
  92  9:19  Photon Cannon  
  92  9:22  Photon Cannon  
  92  9:25  Photon Cannon  
  92  9:34  Photon Cannon  
  92  9:36  Photon Cannon  
  90  9:42  Protoss Air Weapons Level 1  
  88  9:45  Stalker  
  90  10:04  Pylon  
  90  10:07  Pylon  
  90  10:17  Pylon  
  90  10:18  Probe  
  90  10:20  Probe  
  92  10:22  Void Ray  
  92  10:25  Pylon  
  92  10:28  Probe  
  92  10:29  Pylon  
  92  10:30  Pylon  
  92  10:32  Protoss Shields Level 1 (Chrono Boost)  
  92  10:34  Photon Cannon  
  93  10:41  Pylon  
  93  10:44  Pylon  
  93  10:46  Photon Cannon  
  93  10:51  Pylon  
  93  10:52  Photon Cannon  
  93  10:55  Photon Cannon  
  93  11:00  Probe  
  93  11:01  Probe  
  93  11:03  Probe, Photon Cannon  
  95  11:10  Probe  
  96  11:13  Probe  
  96  11:14  Probe, Pylon  
  99  11:21  Probe  
  98  11:33  Photon Cannon  
  98  11:35  Pylon  
  98  11:37  Pylon  
  98  11:50  Stalker x3  
  98  11:51  Stalker x4  
  110  12:08  Robotics Facility  
  110  12:09  Probe x2  
  110  12:11  Stargate, Probe  
  113  12:20  Probe  
  114  12:36  Pylon  
  114  12:38  Pylon  
  114  12:41  Pylon  
  114  12:42  Photon Cannon  
  114  12:47  Photon Cannon  
  114  12:54  Void Ray  
  114  12:57  Stalker x3  
  114  12:58  Stalker x2  
  128  13:13  Void Ray  
  132  13:22  Stalker x3  
  132  13:23  Stalker x2  
  142  13:43  Observer  
  143  14:20  Pylon  
  143  14:23  Pylon  
  143  14:26  Pylon  
  143  14:29  Assimilator  
  143  14:30  Stalker x2  
  143  14:31  Stalker x5, Pylon  
  153  14:32  Assimilator  
  153  14:34  Photon Cannon, Pylon  
  153  14:38  Photon Cannon  
  155  14:50  Observer  
  156  14:55  Void Ray x2  
  164  15:10  Photon Cannon  
  164  15:11  Photon Cannon  
  164  15:15  Photon Cannon  
  164  15:21  Photon Cannon  
  164  15:24  Photon Cannon  
  164  15:32  Probe  
  164  15:33  Probe  
  164  15:34  Probe  
  167  15:37  Void Ray x2  
  175  15:48  Stalker  
  175  15:49  Stalker x3  
  183  15:50  Stalker  
  183  15:54  Sentry  
  187  16:19  Stalker  
  187  16:22  Void Ray x2  
  197  16:29  Protoss Air Armor Level 1 (Chrono Boost)  
  197  16:32  Warp Prism  
  199  16:59  Probe  
  196  17:27  Void Ray x2  
  188  17:33  Stalker  
  188  17:34  Stalker x2  
  178  18:10  Void Ray x2  
  180  18:53  Void Ray x2  
  188  19:31  Pylon  
  188  19:35  Void Ray, Nexus  
  192  19:38  Assimilator  
  192  19:42  Assimilator  
  192  19:45  Pylon  
  192  19:46  Pylon  
  192  19:49  Pylon  
  192  19:52  Pylon  
  192  19:53  Zealot x4  
  192  19:57  Pylon  
  192  19:59  Pylon  
  200  20:03  Pylon  
Tags
 
Add a new tag
Caveats
  • Supply blocks, unpowered buildings, or Contaminate may cause inaccurate times.
  • Supply counts are checked every 10 seconds.